 Dungeon Crawl Stone Soup version 0.24-a0-715-g0b739ee41d (webtiles) character file.

Game seed: 2302278124262396007, levelgen mode: deterministic

1691 2BsUSBport the Slasher (level 9, -3/68 HPs)
             Began as a Human Fighter on Sept 30, 2019.
             Slain by a two-headed ogre
             ... wielding a +0 dire flail
              (13 damage)
             ... on level 7 of the Dungeon.
             The game lasted 00:16:53 (7525 turns).

2BsUSBport the Slasher (Human Fighter)              Turns: 7525, Time: 00:16:53

Health: -3/68      AC: 15    Str: 23    XL:     9   Next: 22%
Magic:  9/9        EV:  5    Int: 10    God:
Gold:   385        SH: 10    Dex: 12    Spells: 8/8 levels left

rFire    . . .     SeeInvis .   a - +0 long sword
rCold    . . .     Gourm    .   c - +0 shield
rNeg     . . .     Faith    .   o - +1 plate armour
rPois    .         Spirit   .   (no helmet)
rElec    .         Reflect  .   q - +1 cloak
rCorr    .         Harm     .   (no gloves)
MR       .....                  (no boots)
Stlth    ..........             (no amulet)
HPRegen  0.21/turn              k - +4 ring of strength
MPRegen  0.11/turn              (no ring)

@: studying Earth Magic
A: no striking features
a: no special abilities


You were on level 7 of the Dungeon.
You were not hungry.

You visited 2 branches of the dungeon, and saw 8 of its levels.

You collected 385 gold pieces.

Inventory:

Hand Weapons
 a - a +0 long sword (weapon)
Armour
 c - a +0 shield (worn)
 o - a +1 plate armour (worn)
 q - a +1 cloak (worn)
Jewellery
 j - an uncursed amulet of magic regeneration
 k - a +4 ring of strength (left hand)
 m - an uncursed amulet of harm
Wands
 i - a wand of flame (13)
 p - a wand of random effects (23)
Scrolls
 h - 6 scrolls of remove curse
 r - 2 scrolls of identify
 t - 2 scrolls of amnesia
 x - a scroll of fear {unknown}
 y - 3 scrolls of enchant armour
 z - a scroll of immolation {unknown}
 A - 2 scrolls of fog {unknown}
 B - a scroll of teleportation
Potions
 b - a potion of haste {unknown}
 e - a potion of flight
 f - a potion of curing {unknown}
 g - a potion of cancellation {unknown}
 n - 2 potions of lignification {unknown}
 u - a potion of brilliance {unknown}
 w - a potion of magic {unknown}
Books
 d - a manual of Earth Magic
Comestibles
 v - 2 rations


   Skills:
 + Level 5.4 Fighting
 + Level 7.1 Long Blades
 + Level 5.4 Armour
 + Level 1.5 Dodging
 + Level 0.3 Stealth
 + Level 6.3 Shields


You had 8 spell levels left.
You didn't know any spells.
Your spell library contained the following spells:

 Spells                   Type           Power        Failure   Level  Hunger
 Animate Skeleton         Necr           N/A          100%        1    ##.....
 Apportation              Tloc           #.....       100%        1    ##.....
 Confusing Touch          Hex            #.....       100%        1    ##.....
 Shock                    Conj/Air       #...         100%        1    ##.....
 Summon Small Mammal      Summ           #...         100%        1    ##.....
 Swiftness                Chrm/Air       #.......     100%        2    ###....
 Static Discharge         Conj/Air       #.......     100%        3    ####...
 Airstrike                Air            #.........   100%        4    #####..
 Lightning Bolt           Conj/Air       #.........   100%        5    ######.


Dungeon Overview and Level Annotations

Branches:
Dungeon (7/15)             Temple (1/1) D:6

Altars:
Ashenzari
Dithmenos
Elyvilon
Fedhas
Gozag
Hepliaklqana
Makhleb
Nemelex Xobeh
Okawaru
Qazlal
Ru
Uskayaw
Vehumet
Wu Jian
Xom
Yredelemnul
The Shining One

Annotations:
D:4 2 runed translucent doors


Message History

The two-headed ogre is heavily wounded.
The two-headed ogre hits you with a +0 dire flail!
* * * LOW HITPOINT WARNING * * *
You block the two-headed ogre's attack.
You feel much better.
You hit the two-headed ogre but do no damage.
The two-headed ogre is moderately wounded.
The two-headed ogre hits you with a +0 dire flail!
You block the two-headed ogre's attack.
Your plate armour prevents you from hitting the two-headed ogre.
The two-headed ogre is moderately wounded.
The two-headed ogre hits you with a +0 dire flail!
* * * LOW HITPOINT WARNING * * *
The two-headed ogre hits you but does no damage.
You slash the two-headed ogre!
The two-headed ogre is heavily wounded.
The two-headed ogre hits you with a +0 dire flail.
* * * LOW HITPOINT WARNING * * *
The two-headed ogre hits you with a +0 giant club!
You die...

#..................
#.###..........####.##'
#........# #...###.... . #..#
#........ #####.#.#####
##..##... .....#.#...#
##...... .###..#....## ##.####
.......O.### #..... .#####.@##
+..### .........### #.##
.######....# ##.####
........#...# ##.†....
.######.##### ##.......
#.....## ###........
###......####..........
#......................
########...####...............


You could see a two-headed ogre.

Vanquished Creatures
  Grinder (D:3)
  Sigmund (D:4)
  Duvessa (D:6)
  2 ogres (D:4)
  An orc warrior (D:6)
  2 phantoms (D:4)
  An ice beast (D:7)
  A centaur (D:5)
  A bullfrog (D:7)
  Dowan (D:6)
  A crimson imp (D:6)
  2 hounds (D:5)
  A gnoll shaman (D:7)
  Jessica (D:3)
  An iguana (D:5)
  Terence (D:3)
  3 worker ants (D:4)
  A hound zombie (D:6)
  2 worker ant zombies
  6 gnolls
  A howler monkey skeleton (D:5)
  2 adders (D:5)
  A shadow imp (D:6)
  2 oozes
  An adder skeleton (D:4)
  4 worms
  5 dart slugs
  4 leopard geckos
  16 orcs
  8 bats
  8 giant cockroaches
  8 goblins
  8 hobgoblins
  4 jackals
  A quokka (D:5)
  4 frilled lizards
  A giant cockroach zombie (D:5)
  8 kobolds
  2 leopard gecko skeletons
  A quokka skeleton (D:5)
  9 rats
129 creatures vanquished.

Notes
Turn   | Place    | Note
-------+----------+-------------------------------------------
     0 | D:1      | 2BsUSBport the Human Fighter began the quest for the Orb.
     0 | D:1      | Reached XP level 1. HP: 18/18 MP: 1/1
   170 | D:1      | Reached XP level 2. HP: 8/24 MP: 2/2
   560 | D:1      | Reached XP level 3. HP: 18/29 MP: 3/3
  1801 | D:2      | Found an iron altar of Okawaru.
  1803 | D:2      | Found a sacrificial altar of Ru.
  1824 | D:2      | Found a sparkling altar of Nemelex Xobeh.
  1922 | D:2      | Reached XP level 4. HP: 32/35 MP: 4/4
  2150 | D:2      | Found a hazy altar of Hepliaklqana.
  2151 | D:2      | Found a burning altar of Makhleb.
  2379 | D:2      | Found a stormy altar of Qazlal.
  2724 | D:3      | Noticed Jessica
  2731 | D:3      | Killed Jessica
  2752 | D:3      | Reached XP level 5. HP: 42/42 MP: 5/5
  2816 | D:3      | Reached skill level 3 in Long Blades
  2846 | D:3      | Noticed Terence
  2856 | D:3      | Killed Terence
  3184 | D:3      | Noticed Grinder
  3194 | D:3      | Killed Grinder
  3194 | D:3      | Reached skill level 4 in Long Blades
  3194 | D:3      | Reached XP level 6. HP: 41/48 MP: 6/6
  3512 | D:4      | Found a radiant altar of Vehumet.
  3733 | D:4      | Noticed an ogre
  3744 | D:4      | Killed an ogre
  3744 | D:4      | Reached skill level 1 in Dodging
  3744 | D:4      | Reached XP level 7. HP: 12/55 MP: 7/7
  4241 | D:4      | Reached skill level 5 in Long Blades
  4510 | D:4      | Noticed Sigmund
  4564 | D:4      | Killed Sigmund
  4564 | D:4      | Reached skill level 5 in Shields
  4564 | D:4      | Reached XP level 8. HP: 18/61 MP: 8/8
  5226 | D:4      | Reached skill level 5 in Fighting
  5310 | D:4      | Found a large runed translucent door.
  5310 | D:4      | Found a large runed translucent door.
  5430 | D:5      | Entered Level 5 of the Dungeon
  5485 | D:5      | Found a shimmering altar of Xom.
  5498 | D:5      | Reached skill level 6 in Long Blades
  6361 | D:6      | Noticed Dowan
  6362 | D:6      | Noticed Duvessa
  6380 | D:6      | Killed Duvessa
  6402 | D:6      | Killed Dowan
  6453 | D:6      | Found a staircase to the Ecumenical Temple.
  6464 | Temple   | Entered the Ecumenical Temple
  6903 | D:6      | Reached skill level 5 in Armour
  7131 | D:6      | Reached XP level 9. HP: 52/68 MP: 9/9
  7335 | D:7      | Reached skill level 7 in Long Blades
  7509 | D:7      | Noticed a two-headed ogre
  7525 | D:7      | Slain by a two-headed ogre

Levels and vault maps discovered:
D:1:      minmay_arrival_nine_rooms, layout_basic, st_stairs_13
D:2:      layout_basic, nicolae_overflow_hidden_temple,
          nemelex_xobeh_ov_fountains_minmay, lemuel_round_altar
D:3:      layout_loops_ring, first_ration, hangedman_decor_lopped, uniq_jessica,
          uniq_grinder, uniq_terence
D:4:      kennysheep_six_static_rooms, layout_rooms, vehumet_altar_wand_db,
          minmay_hollow_rounded_squares, uniq_sigmund
D:5:      layout_loops_cross, xom_butterflies, minmay_manual_mess
D:6:      layout_basic, minmay_temple_entry_mini_moons, st_stairs_13,
          uniq_duvessa
D:7:      layout_basic, gammafunk_temple_overflow_claw, the_bakery,
          nicolae_gozag_cash_rules_everything_around_me, uniq_pikel
Temple:   compressed_dpeg_triangle_lava_temple

Skill      XL: |  1  2  3  4  5  6  7  8  9 |
---------------+----------------------------+-----
Long Blades    | 4 5 6 7 |  7.1
Fighting       | 4 5 |  5.4
Shields        | 4 5 6 |  6.3
Dodging        | 1 |  1.5
Armour         | 4 5 |  5.4
Stealth        | |  0.3

Action                   |  1- 3 |  4- 6 |  7- 9 || total
-------------------------+-------+-------+-------++-------
Melee: Long sword        |   148 |   156 |   393 ||   697
  Use: Scroll            |     3 |     6 |     3 ||    12
       Potion            |       |     1 |     5 ||     6
  Eat: Ration            |     1 |     2 |     4 ||     7
Armor: Scale mail        |    56 |       |       ||    56
       Plate armour      |     9 |    99 |   268 ||   376
Dodge: Dodged            |    52 |    24 |    90 ||   166
Block: Shield            |    76 |    65 |   229 ||   370
       Rpst.: Long sword |    18 |     7 |    21 ||    46

Table legend:
 A = Non-vault XP
 B = Vault XP
 C = Vault XP percentage of total XP
 D = Non-vault monster count
 E = Vault monster count
 F = Vault count percentage of total count
                 A         B        C        D         E       F
            +---------+---------+-------+---------+---------+-------
      Total |    1239 |    1178 |  48.7 |     115 |      14 |  10.9
            +---------+---------+-------+---------+---------+-------
        D:1 |      48 |       1 |   2.0 |      26 |       1 |   3.7
        D:2 |      43 |       0 |   0.0 |      17 |       0 |   0.0
        D:3 |      47 |     331 |  87.6 |      21 |       3 |  12.5
        D:4 |     372 |     487 |  56.7 |      17 |       5 |  22.7
        D:5 |     291 |       3 |   1.0 |      15 |       2 |  11.8
        D:6 |     113 |     356 |  75.9 |       9 |       3 |  25.0
        D:7 |     325 |       0 |   0.0 |      10 |       0 |   0.0
            +---------+---------+-------+---------+---------+-------
